 Dungeon Crawl Stone Soup version 0.28.0 (webtiles) character file.

Game seed: 880235193579233890

297 browni3141 the Chopper (level 6, -2/84 HPs)
             Began as a Minotaur Berserker on Feb 15, 2022.
             Was a Believer of Trog.
             Slain by a gnoll (5 damage)
             ... on level 3 of the Dungeon.
             The game lasted 00:01:08 (2342 turns).

browni3141 the Chopper (Minotaur Berserker)         Turns: 2342, Time: 00:01:09

Health: -2/84      AC:  2    Str: 21    XL:     6   Next: 12%
Magic:  5/5        EV: 13    Int:  4    God:    Trog [**....]
Gold:   70         SH:  0    Dex: 12    Spells: 5/5 levels left

rFire   . . .      SeeInvis .   a - +0 hand axe
rCold   . . .      Faith    .   (no shield)
rNeg    . . .      Spirit   .   b - +0 animal skin
rPois   .          Reflect  .   (helmet restricted)
rElec   .          Harm     .   (no cloak)
rCorr   .          Rampage  .   (no gloves)
Will    .....                   (no boots)
Stlth   ..........              (no amulet)
HPRegen 0.24/turn               (no ring)
MPRegen 0.09/turn               (no ring)

@: berserking, very quick
A: horns 2, retaliatory headbutt
a: Renounce Religion, Berserk, Trog's Hand


You were on level 3 of the Dungeon.
You worshipped Trog.
Trog was pleased with you.
You visited 1 branch of the dungeon, and saw 3 of its levels.

You collected 70 gold pieces.

Inventory:

Hand Weapons
 a - a +0 hand axe (weapon)
Armour
 b - a +0 animal skin (worn)
Jewellery
 p - an amulet of guardian spirit
Wands
 o - a wand of iceblast (10)
Scrolls
 d - a scroll of fog {unknown}
 e - a scroll of amnesia {unknown}
 g - a scroll of identify {unknown}
 h - a scroll of brand weapon {unknown}
 j - a scroll of vulnerability {unknown}
 k - a scroll of teleportation {unknown}
 l - a scroll of torment {unknown}
 n - a scroll of enchant armour {unknown}
 q - a scroll of noise {unknown}
Potions
 c - 2 potions of curing {unknown}
 f - a potion of mutation {unknown}
 i - a potion of lignification {unknown}
 m - a potion of flight {unknown}


   Skills:
 + Level 5.1 Fighting
 + Level 5.2 Axes
 + Level 4.3 Armour
 + Level 4.0 Dodging


You had 5 spell levels left.
You didn't know any spells.
Your spell library was empty.

Dungeon Overview and Level Annotations

Branches:
Dungeon (3/15)

Altars:
Ashenzari
Yredelemnul


Innate Abilities, Weirdness & Mutations

You have a pair of horns on your head.
You reflexively headbutt those who attack you in melee.


Message History

q - a scroll labelled XIOSO IJAPOOGG You now have 60 gold pieces (gained 7).
Found a stone staircase leading down.
You now have 70 gold pieces (gained 10). 2 gnolls come into view.
There are monsters nearby!
There are monsters nearby!
There are monsters nearby!
A gnoll comes into view. It is wielding a +0 spear.
The gnoll shouts!
The gnoll shouts!
The gnoll hits you with a +0 flail! The gnoll misses you.
You slash the gnoll!
You headbutt the gnoll, but do no damage.
The gnoll is heavily wounded.
You hit the gnoll but do no damage.
The gnoll hits you from afar with a +0 spear.
The gnoll hits you with a +0 flail! The gnoll hits you with a +0 spear!
You barely miss the gnoll.
The gnoll is heavily wounded.
You hit the gnoll.
The gnoll hits you from afar with a +0 spear.
The gnoll hits you with a +0 flail.
* * * LOW HITPOINT WARNING * * *
The gnoll hits you with a +0 spear.
* * * LOW HITPOINT WARNING * * *
You hit the gnoll.
The gnoll is severely wounded.
You hit the gnoll.
The gnoll hits you from afar with a +0 spear.
* * * LOW HITPOINT WARNING * * *
The gnoll hits you with a +0 spear.
* * * LOW HITPOINT WARNING * * *
You are too injured to fight recklessly!
A red film seems to cover your vision as you go berserk!
You feel yourself moving faster!
You feel mighty! The gnoll barely misses you. The gnoll closely misses you.
The gnoll barely misses you.
You feel a strong urge to attack something.
The gnoll hits you with a +0 spear.
You die...

#.# #.#.# #.#.#
#...# #.#.# #...#
#..g# #. #.g@# #
#. ##.g.# #.#.####
#>...# #.#....#
#.#..# #......##
#.#..# .......#
#.#..#
#####.(#.####.#..#
.................#
#####............#


You could see 3 gnolls.

Vanquished Creatures
  Sigmund (D:2)
  4 gnolls (D:3)
  4 adders
  2 dart slugs (D:1)
  6 ball pythons
  3 endoplasms
  2 giant cockroaches (D:1)
  11 goblins
  2 hobgoblins (D:1)
  8 jackals
  2 quokkas (D:1)
  3 bats
  2 frilled lizards
  7 kobolds
  3 rats
60 creatures vanquished.

Vanquished Creatures (others)
  15 plants (D:3)
15 creatures vanquished.

Grand Total: 75 creatures vanquished

Notes
Turn   | Place    | Note
-------+----------+-------------------------------------------
     0 | D:1      | browni3141 the Minotaur Berserker began the quest for the
                  | Orb.
     0 | D:1      | Reached XP level 1. HP: 19/19 MP: 0/0
    36 | D:1      | Reached XP level 2. HP: 5/27 MP: 1/1
   621 | D:1      | Reached XP level 3. HP: 25/33 MP: 2/2
   845 | D:1      | Reached ** piety under Trog
   927 | D:1      | Found a faded altar of an unknown god.
  1216 | D:2      | Noticed Sigmund
  1226 | D:2      | Killed Sigmund
  1227 | D:2      | Reached XP level 4. HP: 41/41 MP: 3/3
  1227 | D:2      | Reached XP level 5. HP: 47/47 MP: 4/4
  1498 | D:2      | Reached skill level 5 in Fighting
  1498 | D:2      | Reached skill level 5 in Axes
  1743 | D:2      | Found a broken altar of Ashenzari.
  1855 | D:2      | You fall into a shaft and drop 1 floor!
  1865 | D:3      | Reached XP level 6. HP: 56/56 MP: 5/5
  2153 | D:3      | Found a basalt altar of Yredelemnul.
  2340 | D:3      | HP: 1/56 [gnoll (2)]
  2342 | D:3      | Slain by a gnoll

Illustrated notes

Levels and vault maps discovered:
D:1:      shiori_arrival_maze, layout_basic, basic_ecumenical_altar
D:2:      layout_loops_ring, basic_altar, uniq_sigmund
D:3:      layout_loops_ring, mainiacjoe_overflow_cross_hatched

Skill      XL: |  1  2  3  4  5  6 |
---------------+-------------------+-----
Fighting       | 4 5 |  5.1
Axes           | 4 5 |  5.2
Armour         | 3 4 |  4.3
Dodging        | 3 4 |  4.0

Action                   |  1- 3 |  4- 6 || total
-------------------------+-------+-------++-------
Melee: Hand axe          |    61 |    55 ||   116
       Headbutt          |     7 |     9 ||    16
       Punch             |     1 |     1 ||     2
Invok: Berserk           |     3 |     2 ||     5
Armor: Animal skin       |    14 |    11 ||    25
Dodge: Dodged            |    53 |    52 ||   105
